 Dungeon Crawl Stone Soup version 0.24.1 (webtiles) character file.

Game seed: 6062957132742266790, levelgen mode: deterministic

80255 cheonsaui the Spear-Bearer (level 16, -6/134 HPs)
             Began as a Formicid Hunter on Mar 27, 2020.
             Was the Champion of Fedhas.
             Killed by an exploding ballistomycete spore (23 damage)
             ... created by a ballistomycete
             ... summoned by the player character
             ... set off by their pet
             ... on level 2 of the Orcish Mines.
             The game lasted 01:31:18 (25409 turns).

cheonsaui the Spear-Bearer (Formicid Hunter)       Turns: 25409, Time: 01:31:19

Health: -6/134     AC: 29    Str: 18    XL:     16   Next: 14%
Magic:  22/23      EV: 10    Int: 20    God:    Fedhas [******]
Gold:   1507       SH:  0    Dex: 19    Spells: 19/25 levels left

rFire    . . .     SeeInvis +   m - +11 plutonium sword {*Contam Stlth-}
rCold    + . .     Gourm    .   q - +0 shield
rNeg     + + .     Faith    +   R - +9 scale mail of the Loofah {Dex+5}
rPois    .         Spirit   .   (helmet unavailable)
rElec    .         Reflect  .   Z - +2 cloak
rCorr    +         Harm     .   U - +2 pair of gloves {Dex+3}
MR       +....                  s - +1 pair of boots of Existentialism {rCorr Int+2 Stlth-}
Stlth    ..........             Y - amulet of the Barracuda {Faith +Blink rN++ Str-4 Int+3}
HPRegen  0.32/turn              H - ring of protection from cold
MPRegen  0.18/turn              I - ring "Vufruruu" {+Fly Int+2 Slay+2 SInv}

@: confused
A: permanent stasis, dig shafts and tunnels, four strong arms, antennae 3,
molten scales 1, robust 1
a: Dig, Shaft Self, Wall of Briars, Grow Ballistomycete, Overgrow, Grow Oklob,
Renounce Religion, Evoke Flight


You were on level 2 of the Orcish Mines.
You worshipped Fedhas.
Fedhas was exalted by your worship.
You were near starving.

You visited 3 branches of the dungeon, and saw 21 of its levels.
You also visited: Sewer, Ossuary and Gauntlet.

You collected 2024 gold pieces.
You spent 517 gold pieces at shops.

Inventory:

Hand Weapons
 m - the +11 plutonium sword (weapon) {*Contam Stlth-}
   (You found it on level 12 of the Dungeon)

   It causes magical contamination when unequipped.
   It makes you less stealthy.
Missiles
 E - 17 silver javelins
 G - 102 poisoned darts (quivered)
 J - 5 javelins
 Q - 4 throwing nets
 S - 6 silver boomerangs
 V - 8 boomerangs
Armour
 q - a +0 shield (worn)
 s - the +1 pair of boots of Existentialism (worn) {rCorr Int+2 Stlth-}
   (You found it in a Gauntlet)

   It affects your intelligence (+2).
   It provides partial protection from all sources of acid and corrosion.
   It makes you less stealthy.
 R - the +9 scale mail of the Loofah (worn) {Dex+5}
   (You found it on level 6 of the Dungeon)

   It affects your dexterity (+5).
 U - a +2 pair of gloves of dexterity (worn)
 Z - a +2 cloak (worn)
Jewellery
 c - an uncursed ring of ice
 g - an uncursed ring of fire
 i - an uncursed ring of wizardry
 H - a ring of protection from cold (left hand)
 I - the ring "Vufruruu" (right hand) {+Fly Int+2 Slay+2 SInv}
   (You bought it in a shop on level 10 of the Dungeon)

   [ring of flight]

   It affects your intelligence (+2).
   It affects your accuracy and damage with ranged weapons and melee attacks
   (+2).
   It lets you see invisible.
   It lets you fly.
 N - an uncursed ring of resist corrosion
 O - an uncursed ring of poison resistance
 Y - the amulet of the Barracuda (around neck) {Faith +Blink rN++ Str-4 Int+3}
   (You found it in a Gauntlet)

   [amulet of faith]

   It allows you to gain divine favour quickly.
   It affects your strength (-4).
   It affects your intelligence (+3).
   It greatly protects you from negative energy.
   It lets you blink.
Wands
 b - a wand of flame (30)
 w - a wand of iceblast (36)
 y - a wand of random effects (66)
 B - a wand of acid (21)
Scrolls
 a - a scroll of enchant weapon
 d - a scroll of summoning
 h - 8 scrolls of remove curse
 n - 5 scrolls of enchant armour
 o - 4 scrolls of fear
 p - 3 scrolls of amnesia
 r - 4 scrolls of immolation
 C - 3 scrolls of fog
 K - a scroll of magic mapping
 P - 6 scrolls of identify
Potions
 k - 2 potions of lignification
 l - a potion of ambrosia
 t - 3 potions of magic
 u - 6 potions of flight
 v - 2 potions of agility
 x - 4 potions of might
 z - 3 potions of heal wounds
 A - 4 potions of curing
 D - 2 potions of brilliance
 L - a potion of invisibility
 M - 2 potions of cancellation
 T - 2 potions of resistance
Comestibles
 f - 27 rations


   Skills:
 + Level 9.8 Fighting
 + Level 12.1 Long Blades
   Level 13.9 Polearms
   Level 8.0 Crossbows
 + Level 5.0 Throwing
 + Level 10.1 Armour
 - Level 2.4 Dodging
 - Level 1.2 Stealth
 * Level 6.3 Shields
 - Level 5.0 Spellcasting
 - Level 4.8 Conjurations
 - Level 2.7 Charms
 - Level 3.5 Necromancy
 - Level 5.1 Fire Magic
 - Level 7.6 Invocations


You had 19 spell levels left.
You knew the following spells:

 Your Spells              Type           Power        Failure   Level  Hunger
a - Conjure Flame         Conj/Fire      ####....     21%         3    ##.....
b - Regeneration          Chrm/Necr      ###.......   38%         3    ##.....

Your spell library contained the following spells:

 Spells                   Type           Power        Failure   Level  Hunger
 Magic Dart               Conj           ###.         7%          1    None
 Animate Skeleton         Necr           N/A          12%         1    None
 Pain                     Necr           ###.         12%         1    None
 Infusion                 Chrm           ###.         17%         1    None
 Song of Slaying          Chrm           ###.....     26%         2    None
 Vampiric Draining        Necr           ###.......   34%         3    ##.....
 Shroud of Golubria       Chrm/Tloc      ##....       41%         2    None
 Apportation              Tloc           #.....       45%         1    None
 Summon Butterflies       Summ           #.......     45%         1    None
 Call Imp                 Summ           #.......     61%         2    None
 Slow                     Hex            #.......     61%         2    None
 Mephitic Cloud           Conj/Pois/Air  ##......     63%         3    ##.....
 Spectral Weapon          Hex/Chrm       ##......     65%         3    ##.....
 Animate Dead             Necr           N/A          75%         4    ####...
 Lesser Beckoning         Tloc           #.........   83%         3    ##.....
 Tukima's Dance           Hex            #.......     83%         3    ##.....
 Irradiate                Conj/Tmut      ##........   99%         5    #####..
 Alistair's Intoxication  Tmut/Pois      #.......     100%        5    #####..
 Hydra Form               Tmut           #.........   100%        6    #######
 Invisibility             Hex            #.......     100%        6    #######
 Statue Form              Tmut/Erth      #........    100%        6    #######
 Dragon Form              Tmut           #.........   100%        7    #######
 Blink                    Tloc           Unusable     N/A         2    N/A

Dungeon Overview and Level Annotations

Branches:
Dungeon (13/15)            Temple (0/1) D:5            Lair (6/6) D:11
 Shoals (0/4) Lair:2        Snake (0/4) Lair:4        Slime (0/5) Lair:6
    Orc (2/2) D:10          Sewer (visited)         Ossuary (visited)
Gauntlet (visited)
    Elf: Orc:2       Vaults: D:13-14

Altars:
Fedhas
Gozag
Kikubaaqudgha
Nemelex Xobeh
Qazlal
Vehumet
Xom
Yredelemnul
Zin
The Shining One
Jiyva

Shops:
D:4 !   D:8 *   D:10 ==

Portals:
Ice
Cave: Orc:2

Annotations:
D:5 exclusion: downstairs
D:10 2 transporters, Nebesus's ghost, journeyman MiFi
D:12 exclusion: downstairs
D:13 Nessos
Lair:2 3 runed translucent doors, Tighew's ghost, journeyman GnFi
Lair:6 exclusion: door


Innate Abilities, Weirdness & Mutations

You cannot be hasted, slowed, berserked, paralysed or teleported.
You can dig through walls and to a lower floor.
Your four strong arms can wield two-handed weapons with a shield.
You have a pair of large antennae on your head. (SInv)
You are partially covered in molten scales. (AC +2)
You are robust. (+10% HP)


Message History

A ballistomycete spore comes into view.
Items here: )))) †† The orc high priest hits your ballistomycete spore with a +0 long sword!
A ballistomycete spore comes into view.
Unknown command.
Your ballistomycete spore explodes!
The ogre appears confused.
The explosion of spores engulfs the ogre!
The ogre is heavily wounded.
The two-headed ogre appears confused.
The explosion of spores engulfs the two-headed ogre!
The two-headed ogre is moderately wounded.
The orc high priest appears confused.
The explosion of spores engulfs the orc high priest!!
You kill the orc high priest!
Fedhas accepts your kill. The explosion of spores engulfs you!!
You are confused.
You die...
Fedhas appreciates your contribution to the ecosystem.

........O..$....
.............#...
.........O...$#..
..#......T.......
.........O.o.....
.......)oOO.....#
..∩.$..OO)To....#
........)......<.
.........@P..##..
..#.#.....*......
.................
....#........#.#.
#.###..##....#...
#... ...... .
##.# ....... ..
....#...


You could see 2 two-headed ogres, an ogre mage, 2 trolls, an orc warrior, 3
ogres, an orc wizard, an orc, a friendly ballistomycete and a friendly
ballistomycete spore.

Vanquished Creatures
  Rupert (D:12)
  Gastronok (Lair:3)
  A frost giant (D:12)
  Azrael (D:12)
  A minotaur (Gauntlet)
  2 ettins (D:12)
  Fannar (Lair:3)
  A death ooze (Gauntlet)
  Harold (D:10)
  6 hydras
  2 ogre magi
  11 death yaks (Lair:6)
  2 titan zombies (D:12)
  6 two-headed ogres
  A satyr (Lair:6)
  An orc high priest (Orc:2)
  A centaur warrior (D:13)
  A death drake (Orc:1)
  An unseen horror (D:11)
  A wizard (Lair:6)
  A stone giant zombie (D:12)
  2 ugly things (D:11)
  16 cyclopes
  An orc sorcerer (D:7)
  A manticore (D:12)
  Maurice (D:8)
  Joseph (Lair:1)
  A guardian serpent (Lair:5)
  2 centaur zombies
  Psyche (D:8)
  6 elephants
  5 black mambas
  A gargoyle (D:12)
  2 centaur skeletons
  10 spiny frogs
  3 rime drakes
  5 komodo dragons
  A kobold demonologist (D:12)
  A queen bee (Orc:1)
  3 trolls
  3 hornets (D:9)
  6 polar bears
  7 hippogriffs
  2 slime creatures (D:13)
  Grinder (D:6)
  Prince Ribbit (D:6)
  3 blink frogs (Lair:6)
  3 vampires
  A spriggan (Lair:1)
  4 shadows
  25 yaks
  Eustachio (D:6)
  6 wyverns
  7 basilisks
  3 fire elementals (D:12)
  2 hungry ghosts
  2 steam dragons (D:7)
  3 large abominations (Gauntlet)
  2 wargs
  2 nagas (Lair:4)
  Edmund (D:4)
  A soldier ant (D:9)
  An acid dragon (D:12)
  5 hell hounds
  19 water moccasins
  Duvessa (D:6)
  18 porcupines
  3 sky beasts
  9 orc warriors
  2 phantoms
  3 black bears
  A hornet zombie (D:11)
  11 ice beasts
  3 necrophages
  12 ogres
  2 boggarts (D:13)
  12 wolves
  6 centaurs
  14 crocodiles
  7 big kobolds
  13 bullfrogs
  A water moccasin skeleton (D:9)
  Dowan (D:6)
  A cyclops zombie (D:12)
  3 scorpions
  18 killer bees
  14 wights
  3 small abominations (Gauntlet)
  2 howler monkeys
  7 crimson imps
  2 quasits
  9 hounds
  4 jellies
  2 bullfrog zombies
  9 orc priests
  16 orc wizards
  Jessica (D:2)
  3 bullfrog skeletons
  7 iguanas
  11 worker ants
  A killer bee zombie (D:10)
  4 hound skeletons
  13 mummies (Ossuary)
  2 worker ant zombies (D:6)
  8 gnolls
  9 adders
  6 shadow imps
  A white imp (Gauntlet)
  3 oozes
  An adder zombie (D:9)
  2 adder skeletons
  3 worms
  A dart slug (D:2)
  3 leopard geckos
  47 orcs
  7 ball pythons
  7 bats
  10 giant cockroaches
  8 hobgoblins
  2 jackals (D:11)
  6 quokkas
  7 frilled lizards
  2 gnoll skeletons (Ossuary)
  4 goblins
  4 goblin skeletons (Ossuary)
  38 kobolds
  2 orc skeletons (Ossuary)
  A quokka skeleton (D:7)
  2 quokka zombies
  9 rats
  11 rat skeletons (Ossuary)
  A spectral orc (D:3)
  2 ballistomycete spores (Lair:6)
  A fungus (Lair:6)
677 creatures vanquished.

Vanquished Creatures (collateral kills)
  A killer bee (D:9)
  52 ballistomycete spores
53 creatures vanquished.

Vanquished Creatures (others)
  A wizard (Gauntlet)
  A rime drake (Lair:2)
  A porcupine (Lair:2)
  A shadow imp (D:8)
  An orc (D:7)
  2 jackals (D:7)
  4 kobolds (D:12)
  13 ballistomycete spores
  7 fungi
  5 plants
  2 withered plants (Gauntlet)
38 creatures vanquished.

Grand Total: 768 creatures vanquished

Notes
Turn   | Place    | Note
-------+----------+-------------------------------------------
     0 | D:1      | cheonsaui the Formicid Hunter began the quest for the Orb.
     0 | D:1      | Reached XP level 1. HP: 16/16 MP: 1/1
   361 | D:1      | Reached XP level 2. HP: 20/22 MP: 2/2
   855 | D:1      | Reached XP level 3. HP: 28/28 MP: 3/3
  1406 | D:2      | Found an ancient bone altar of Kikubaaqudgha.
  1409 | D:2      | Noticed Jessica
  1415 | D:2      | Killed Jessica
  1415 | D:2      | Reached skill level 1 in Armour
  1415 | D:2      | Reached XP level 4. HP: 29/34 MP: 4/4
  1566 | D:2      | Reached skill level 5 in Crossbows
  2242 | D:3      | Found a glowing drain.
  2267 | Sewer    | Entered a sewer
  2366 | Sewer    | Reached XP level 5. HP: 23/41 MP: 5/5
  3171 | Sewer    | Learned a level 3 spell: Conjure Flame
  3441 | D:3      | Found a basalt altar of Yredelemnul.
  3890 | D:4      | Reached XP level 6. HP: 45/47 MP: 6/6
  3918 | D:4      | Found Ommerergh's Distillery.
  3923 | D:4      | Bought a potion of mutation for 104 gold pieces
  3923 | D:4      | Gained mutation: You are robust. (+10% HP) [potion of
                  | mutation]
  3923 | D:4      | Gained mutation: You are partially covered in molten
                  | scales. (AC +2) [potion of mutation]
  3923 | D:4      | Lost mutation: You are robust. (+10% HP) [potion of
                  | mutation]
  3923 | D:4      | Gained mutation: You are robust. (+10% HP) [potion of
                  | mutation]
  3926 | D:4      | Found a sand-covered staircase.
  3935 | Ossuary  | Entered an ossuary
  4690 | Ossuary  | Reached XP level 7. HP: 54/58 MP: 7/7
  4819 | D:4      | Reached skill level 5 in Armour
  4865 | D:4      | Found a shimmering altar of Xom.
  4900 | D:4      | Noticed a hungry ghost
  4929 | D:4      | Paralysed by fainting for 9 turns
  4972 | D:4      | Killed a hungry ghost
  5018 | D:4      | Noticed Edmund
  5033 | D:4      | Killed Edmund
  5033 | D:4      | Reached XP level 8. HP: 55/67 MP: 8/8
  5119 | D:4      | Found a radiant altar of Vehumet.
  5119 | D:4      | Found a blossoming altar of Fedhas.
  5360 | D:5      | Entered Level 5 of the Dungeon
  5368 | D:5      | Found a stormy altar of Qazlal.
  5398 | D:5      | Reached skill level 5 in Fighting
  5414 | D:5      | Found a staircase to the Ecumenical Temple.
  5418 | D:5      | Got a crystal halberd
  5419 | D:5      | Identified the cursed +3 halberd of the Stoat {pain, MR++}
                  | (You found it on level 5 of the Dungeon)
  5469 | D:4      | Became a worshipper of Fedhas Madash
  5704 | D:5      | Reached skill level 1 in Polearms
  5910 | D:5      | Found a sparkling altar of Nemelex Xobeh.
  5960 | D:5      | Found a glowing golden altar of the Shining One.
  6001 | D:5      | Reached skill level 2 in Polearms
  6088 | D:5      | Found a shimmering altar of Xom.
  6177 | D:6      | Reached * piety under Fedhas
  6232 | D:6      | Reached skill level 3 in Polearms
  6369 | D:6      | Reached XP level 9. HP: 74/74 MP: 9/9
  6377 | D:6      | Reached skill level 4 in Polearms
  6403 | D:6      | Got a dazzling scale mail
  6405 | D:6      | Noticed Eustachio
  6438 | D:6      | Killed Eustachio
  6455 | D:6      | Reached skill level 5 in Polearms
  6468 | D:6      | Noticed Grinder
  6477 | D:6      | Killed Grinder
  6609 | D:6      | Reached skill level 6 in Polearms
  6820 | D:6      | Noticed Prince Ribbit
  6874 | D:6      | Killed Prince Ribbit
  6941 | D:6      | Noticed Dowan
  6943 | D:6      | Noticed Duvessa
  6956 | D:6      | Reached skill level 7 in Polearms
  6974 | D:6      | Killed Duvessa
  7099 | D:6      | Reached ** piety under Fedhas
  7099 | D:6      | Reached XP level 10. HP: 63/83 MP: 10/10
  7164 | D:6      | Killed Dowan
  7340 | D:7      | Reached skill level 1 in Invocations
  7448 | D:7      | Noticed an orc sorcerer
  7482 | D:7      | Reached skill level 8 in Polearms
  8015 | D:7      | Killed an orc sorcerer
  8036 | D:7      | Identified the +9 scale mail of the Loofah {Dex+5} (You
                  | found it on level 6 of the Dungeon)
  8134 | D:7      | Reached skill level 9 in Polearms
  8682 | D:8      | Noticed Psyche
  8701 | D:8      | Killed Psyche
  8704 | D:8      | Reached *** piety under Fedhas
  8788 | D:8      | Found a glowing silver altar of Zin.
  8943 | D:8      | Noticed Maurice
  8954 | D:8      | You fall into a shaft and drop 2 floors!
  8954 | D:10     | Entered Level 10 of the Dungeon
  9113 | D:10     | Found Elaimen's Jewellery Shoppe.
  9158 | D:10     | Reached skill level 1 in Spellcasting
  9158 | D:10     | Reached skill level 1 in Conjurations
  9158 | D:10     | Reached skill level 1 in Fire Magic
  9163 | D:10     | Reached XP level 11. HP: 91/91 MP: 13/13
  9419 | D:9      | Reached skill level 10 in Polearms
  9755 | D:8      | Found Cashouma's General Store.
  9775 | D:8      | Killed Maurice
 10140 | D:9      | Reached **** piety under Fedhas
 10174 | D:9      | Found an opulent altar of Gozag.
 10549 | D:10     | Found a staircase to the Orcish Mines.
 10668 | D:10     | Found a transporter.
 10670 | D:10     | Noticed Nebesus's ghost (journeyman MiFi)
 10672 | D:10     | Found a transporter.
 10722 | D:10     | Learned a level 3 spell: Regeneration
 10741 | D:10     | Noticed Harold
 10760 | D:10     | Killed Harold
 10760 | D:10     | Reached skill level 11 in Polearms
 10852 | D:10     | Reached skill level 1 in Necromancy
 10963 | D:10     | Found Kanagigo's Jewellery Shop.
 10974 | D:10     | Bought the ring "Vufruruu" {+Fly Int+2 Slay+2 SInv} for 413
                  | gold pieces
 11211 | D:11     | Noticed a green ugly thing
 11224 | D:11     | Killed a green ugly thing
 11396 | D:11     | Reached XP level 12. HP: 100/100 MP: 16/16
 11501 | D:11     | Reached ***** piety under Fedhas
 11512 | D:11     | Reached skill level 5 in Invocations
 11618 | D:11     | Noticed a two-headed ogre
 11625 | D:11     | Killed a two-headed ogre
 11731 | D:11     | Found a staircase to the Lair.
 11787 | D:11     | Noticed an unseen horror
 11792 | D:11     | Killed an unseen horror
 12029 | D:12     | Reached skill level 12 in Polearms
 12524 | D:12     | Noticed Azrael
 12551 | D:12     | Killed Azrael
 12720 | D:12     | Noticed an ogre mage
 12728 | D:12     | Killed an ogre mage
 12748 | D:12     | Noticed Rupert
 12759 | D:12     | Killed Rupert
 12759 | D:12     | Reached skill level 13 in Polearms
 12759 | D:12     | Reached XP level 13. HP: 102/108 MP: 15/19
 12966 | D:12     | Reached ****** piety under Fedhas
 12996 | D:12     | Reached skill level 1 in Charms
 13253 | D:12     | Reached skill level 1 in Throwing
 13737 | D:12     | Noticed a frost giant
 13737 | D:12     | Noticed an ettin
 13740 | D:12     | Noticed an ettin
 13789 | D:12     | Killed a frost giant
 13796 | D:12     | Killed an ettin
 13801 | D:12     | Reached skill level 5 in Fire Magic
 13807 | D:12     | Killed an ettin
 13807 | D:12     | Reached skill level 5 in Spellcasting
 14321 | D:12     | Reached XP level 14. HP: 88/116 MP: 17/21
 14467 | D:12     | Found the +11 plutonium sword {*Contam Stlth-}
 14623 | D:13     | Reached skill level 1 in Long Blades
 15188 | D:13     | Noticed Nessos
 15380 | Orc:1    | Entered Level 1 of the Orcish Mines
 15451 | Orc:1    | Reached skill level 5 in Long Blades
 15696 | Lair:1   | Entered Level 1 of the Lair of Beasts
 16816 | Lair:1   | Noticed Joseph
 16827 | Lair:1   | Killed Joseph
 17326 | Lair:2   | Found a staircase to the Shoals.
 18217 | Lair:2   | Found a runed translucent gate.
 18217 | Lair:2   | Found a runed translucent gate.
 18217 | Lair:2   | Found a runed translucent gate.
 18218 | Lair:2   | Noticed Tighew's ghost (journeyman GnFi)
 18334 | Lair:2   | Identified a scroll of acquirement
 18540 | Lair:3   | Noticed Fannar
 18569 | Lair:3   | Killed Fannar
 18787 | Lair:3   | Noticed Gastronok
 18816 | Lair:3   | Killed Gastronok
 19279 | Lair:3   | Reached XP level 15. HP: 70/123 MP: 22/22
 19647 | Lair:4   | Found a staircase to the Snake Pit.
 19659 | Lair:4   | Reached skill level 10 in Long Blades
 21647 | Lair:6   | Entered Level 6 of the Lair of Beasts
 21900 | Lair:6   | Found a gate leading to a gauntlet.
 21911 | Gauntlet | Entered a Gauntlet
 21911 | Gauntlet | Found a transporter.
 21911 | Gauntlet | Found a transporter.
 21913 | Gauntlet | Found a transporter.
 21913 | Gauntlet | Found a transporter.
 21916 | Gauntlet | Found a transporter.
 21916 | Gauntlet | Found a transporter.
 21926 | Gauntlet | Found a transporter.
 21930 | Gauntlet | Found a transporter.
 21940 | Gauntlet | Found a transporter.
 21945 | Gauntlet | Found a transporter.
 21964 | Gauntlet | Found a transporter.
 21968 | Gauntlet | Found a transporter.
 22481 | Gauntlet | Got a pair of crude boots
 22493 | Gauntlet | Identified the +1 pair of boots of Existentialism {rCorr
                  | Int+2 Stlth-} (You found it in a Gauntlet)
 22641 | Gauntlet | Got a bound pewter amulet
 22642 | Gauntlet | Got an ivory glaive
 22643 | Gauntlet | Identified the +9 glaive "Giont" {antimagic, Dex+2} (You
                  | found it in a Gauntlet)
 22663 | Lair:6   | Reached skill level 1 in Shields
 22825 | Lair:6   | Reached skill level 5 in Shields
 22997 | Lair:6   | Identified the amulet of the Barracuda {Faith +Blink rN++
                  | Str-4 Int+3} (You found it in a Gauntlet)
 23974 | Lair:6   | Reached skill level 10 in Armour
 24473 | Lair:6   | Found a runed translucent door.
 24473 | Lair:6   | Found a viscous altar of Jiyva.
 24474 | Lair:6   | Found a staircase to the Slime Pits.
 24787 | Orc:1    | Reached XP level 16. HP: 134/134 MP: 23/23
 25373 | Orc:2    | Entered Level 2 of the Orcish Mines
 25373 | Orc:2    | Found a frozen archway.
 25376 | Orc:2    | Reached skill level 5 in Throwing
 25405 | Orc:2    | HP: 4/134 [ogre mage/crystal spear (41)]
 25409 | Orc:2    | Killed by an exploding ballistomycete spore... set off by
                  | their pet

Levels and vault maps discovered:
D:1:      evilmike_arrival_rings, layout_basic
D:2:      layout_basic, kiku_gazebo_garden_becter, minmay_hexomino_c4,
          uniq_jessica
D:3:      layout_loops_ring, yredelemnul_forgotten_temple_becter,
          cheibrodos_sewer_entry_drain
D:4:      cheibrodos_quashed, layout_rooms, brannock_xom_greatest_gift,
          gammafunk_temple_overflow_elements, first_ration, serial_shops,
          kennysheep_mini, chequers_ossuary_entry_cave, uniq_edmund
D:5:      layout_rooms, overflow_temple_1_default,
          lemuel_coloured_pillars_altar, minmay_temple_entry_ruins, basic_altar,
          serial_bayou, serial_bayou_pond_e, serial_bayou_lagoon_a,
          serial_bayou_pond_a, serial_bayou_pond_b,
          ebering_dispersal_statue_hall, lemuel_statue_altar
D:6:      layout_loops_ring, uniq_prince_ribbit1, uniq_grinder, uniq_duvessa,
          uniq_eustachio
D:7:      cheibrodos_wizards_tower, layout_basic
D:8:      layout_cave_pools, nicolae_overflow_crystal_walls, serial_shops,
          nicolae_shop_window_shopping, uniq_psyche, uniq_maurice
D:9:      kennysheep_blocky_room, layout_irregular_city, lemuel_round_altar,
          hangedman_pestilent_swarm
D:10:     layout_basic, orc_0_dummy, serial_shops, shop, shop,
          gammafunk_ghost_arena, hangedman_decor_opposing,
          kennysheep_generic_room_9, uniq_harold
D:11:     layout_rooms, lair_entry_dummy
D:12:     giant_chief_lemuel, layout_cave_pools, uniq_rupert, uniq_azrael
D:13:     layout_cross, david_vaults_1, uniq_nessos
Lair:1:   layout_cave_pods, beast_lair_carwin_10, uniq_joseph
Lair:2:   layout_cave_pods, shoals_dummy_entry, gammafunk_ghost_necromancy,
          cheibrodos_lair_lostbears, minmay_lair_oklob_chamber
Lair:3:   layout_chaotic_city, grunt_megastairs_3, uniq_gastronok, uniq_fannar
Lair:4:   layout_roguey, minmay_snake_entry_guardpost_small
Lair:5:   layout_layer_cave
Lair:6:   evil_forest, layout_small_grid, slime_altar_2, gauntlet_entry_generic,
          minivault_27, lemuel_fruit_fields
Orc:1:    layout_caves
Orc:2:    st_orc_open, layout_caves, portal_ice_cave_entry_ice_beasts,
          serial_shops, shop, uniq_josephine

Skill      XL: |  1  2  3  4  5  6  7  8  9 10 11 12 13 14 15 16 |
---------------+-------------------------------------------------+-----
Armour         | 1 2 3 4 5 6 7 8 9 10 | 10.1
Crossbows      | 5 6 7 8 |  8.0
Fighting       | 3 4 5 6 7 8 9 |  9.8
Polearms       | 3 7 9 11 13 | 13.9
Invocations    | 3 4 6 7 |  7.6
Spellcasting   | 1 3 4 5 |  5.0
Conjurations   | 1 2 4 |  4.8
Fire Magic     | 1 2 4 5 |  5.1
Necromancy     | 1 2 3 |  3.5
Charms         | 2 |  2.7
Throwing       | 1 3 4 5 |  5.0
Long Blades    | 9 11 12 | 12.1
Dodging        | 2 |  2.4
Shields        | 5 6 |  6.3
Stealth        | |  1.2

Action                   |  1- 3 |  4- 6 |  7- 9 | 10-12 | 13-15 | 16-18 || total
-------------------------+-------+-------+-------+-------+-------+-------++-------
Melee: Short sword       |    40 |   343 |    38 |       |       |       ||   421
       Whip              |    41 |       |       |       |       |       ||    41
       Halberd           |       |       |   231 |   709 |   125 |       ||  1065
       Dire flail        |       |       |    29 |       |       |       ||    29
       Triple sword      |       |       |       |       |   587 |    41 ||   628
 Fire: Hand crossbow     |     7 |    18 |    76 |    44 |     7 |       ||   152
Throw: Stone             |       |     2 |       |       |       |       ||     2
       Dart              |       |       |       |    15 |    57 |     4 ||    76
       Boomerang         |       |       |       |       |     9 |       ||     9
       Javelin           |       |       |       |       |     7 |       ||     7
 Cast: Conjure Flame     |       |       |       |     1 |     8 |       ||     9
       Regeneration      |       |       |       |       |     1 |       ||     1
Invok: Wall of Briars    |       |       |       |     2 |     1 |       ||     3
       Grow Ballistomyce |       |       |       |       |    11 |     2 ||    13
 Abil: Shaft Self        |       |       |       |     1 |       |       ||     1
       Dig               |       |       |       |     1 |     1 |       ||     2
  Use: Potion            |       |     1 |       |     3 |     4 |     1 ||     9
       Scroll            |       |       |    13 |    13 |    19 |       ||    45
 Stab: Sleeping          |     1 |       |       |       |       |       ||     1
       Invisible         |       |       |       |     4 |       |       ||     4
       Distracted        |       |       |       |     1 |       |       ||     1
       Confused          |       |       |       |       |     3 |       ||     3
  Eat: Chunk             |     2 |     5 |     6 |    24 |    30 |     2 ||    69
       Ration            |       |     2 |     4 |       |     3 |       ||     9
Armor: Leather armour    |    18 |       |       |       |       |       ||    18
       Scale mail        |     7 |   101 |   183 |   367 |   467 |    50 ||  1175
       Crystal plate arm |       |       |       |       |   263 |       ||   263
Dodge: Dodged            |    61 |   139 |   196 |   364 |   442 |    43 ||  1245
Block: Shield            |       |       |       |       |    58 |    54 ||   112
       Rpst.: Triple sword |       |       |       |       |    80 |     9 ||    89
